 Dungeon Crawl Stone Soup version 0.14-a0-1266-g856eec9 (webtiles) character file.

5458 M4edhros the Tainter (level 10, 0/56 HPs)
             Began as an Octopode Venom Mage on Dec 3, 2013.
             Was a Follower of Zin.
             Slain by an orc wizard
             ... wielding a -1,+0 orcish dagger
              (5 damage)
             ... on Level 8 of the Dungeon.
             The game lasted 00:40:25 (10637 turns).

M4edhros the Tainter (Octopode Venom Mage)         Turns: 10637, Time: 00:40:25

HP   0/56        AC  4     Str  8      XL: 10   Next: 61%
MP  25/25        EV  9     Int 26      God: Zin [*.....]
Gold 223         SH 15     Dex 12      Spells:  5 memorised,  8 levels left

rFire  . . .     SeeInvis .     q - +1,+4 short sword (holy)
rCold  + . .     Clarity  .     t - +2 shield {rC+}
rNeg   . . .     Conserve .     f - +0 wizard hat
rPois  .         rCorr    .     (no amulet)
rElec  .         rRot     .     x - +5 ring of intelligence
SustAb . .       Spirit   .     p - ring of sustenance
rMut   .         Warding  .     v - +1 ring of protection
Saprov . . .     Stasis   .     d - ring of flight
                                k - +2 ring of protection
                                (no ring)
                                (no ring)
                                (no ring)

@: short of breath, very slightly contaminated, hasted, very quick, somewhat
resistant to hostile enchantments, quite stealthy
A: almost no armour, amphibious, 8 rings, constrict 8, camouflage 1, carnivore
1, wild magic 1, gelatinous body 1
a: Recite, Renounce Religion, Evoke Flight


You were on level 8 of the Dungeon.
You worshipped Zin.
Zin was aware of your devotion.
You were not hungry.

You visited 2 branches of the dungeon, and saw 10 of its levels.

You collected 247 gold pieces.
You donated 24 gold pieces.

Inventory:

Hand weapons
 g - a -1,+0 spear
 q - a +1,+4 short sword of holy wrath (weapon)
Armour
 f - a +0 wizard hat (worn)
 t - a +2 shield of cold resistance (worn)
Magical devices
 i - a wand of paralysis (7)
 u - a wand of teleportation (4)
 y - a wand of confusion (4)
Comestibles
 c - 10 bread rations
 l - 3 meat rations
 r - a choko
 s - an apple
Scrolls
 j - 3 scrolls of enchant weapon II
 m - 2 scrolls of identify
 n - a scroll of fog
 w - 4 scrolls of magic mapping
Jewellery
 d - a ring of flight (on tentacle)
 k - a +2 ring of protection (on tentacle)
 p - a ring of sustenance (right tentacle)
 v - a +1 ring of protection (on tentacle)
 x - a +5 ring of intelligence (left tentacle)
 A - an uncursed amulet of stasis {unknown}
Potions
 b - a potion of mutation
 h - a potion of brilliance
 o - a potion of speed
Books
 a - a book of Dreams

   Spells                             Type                      Level
   Ensorcelled Hibernation            Hexes/Ice                    2
   Flight                             Charms/Air                   3
   Phase Shift                        Translocation                5
   Shadow Creatures                   Summoning                    5
   Mass Confusion                     Hexes                        6
   Darkness                           Hexes                        7


   Skills:
 - Level 2.0 Dodging
 - Level 2.6 Stealth
 * Level 1.1 Shields
 + Level 7.0 Spellcasting
 + Level 6.6 Conjurations
 + Level 6.0 Air Magic
 - Level 11.0 Poison Magic
 * Level 5.6 Invocations


You had 8 spell levels left.
You knew the following spells:

 Your Spells              Type           Power        Failure   Level  Hunger
a - Sting                 Conj/Pois      ####         3%          1    None
b - Mephitic Cloud        Conj/Pois/Air  ######..     11%         3    None
c - Venom Bolt            Conj/Pois      ######....   38%         5    ####...
d - Cure Poison           Pois           #######...   3%          2    None
e - Olgreb's Toxic Radia  Pois           #######.     11%         4    ###....


Dungeon Overview and Level Annotations

Branches:
Dungeon (9/16)             Temple (1/1) D:6
    Orc: D:9-12        Lair: D:8-11

Altars:
Ashenzari
Cheibriados
Elyvilon
Fedhas
Kikubaaqudgha
Makhleb
Nemelex Xobeh
Okawaru
Trog
Vehumet
Xom
Yredelemnul
Zin
the Shining One

Portals:
Ziggurat: D:7 (4280 gp)

Annotations:
D:8 miro's ghost, experienced DEWz


Innate Abilities, Weirdness & Mutations

You cannot wear most types of armour.
You are amphibious.
You can wear up to eight rings at the same time.
You can use your tentacles to constrict many enemies at once.
Your skin changes colour to match your surroundings (Stlth).
Your rubbery body absorbs attacks (AC +1).
Your digestive system is specialised to digest meat.
Your spells are a little harder to cast, but a little more powerful.


Message History

The orc wizard closely misses you. You block the wight's attack.
The orc wizard casts a spell.
The orc wizard blinks!
Unknown command.
You hit the wight.
You destroy the wight!
The orc wizard gestures at you while chanting.
You resist.
The orc wizard points at you and mumbles some strange words.
The puff of frost hits you! You resist.
* * * LOW HITPOINT WARNING * * *
Your shield prevents you from hitting the orc wizard.
Your grab misses the orc wizard.
The orc wizard is heavily wounded.
The orc wizard casts a spell.
The orc wizard blinks!
The orc wizard looks braver.
Unknown command.
The orc wizard hits you with an orcish dagger.
You die...

### ############.#
#......ยง.@o..#
##.#########o# #.#
#.# #.### #.#
#.#.#######o#
#.#.....o)..####. .
#.#.##..............
#.#.##.##########..
#.#)#.....oo).#...
.#


You could see 2 orc wizards.

Vanquished Creatures
  Gastronok (D:9)
  Pikel (D:4)
  A troll (D:9)
  A merfolk (D:7)
  Eustachio (D:7)
  2 hippogriffs
  A necrophage (D:6)
  4 ogres
  5 orc warriors
  2 phantoms
  2 centaurs (D:5)
  A slave (D:4)
  A sky beast (D:7)
  Duvessa (D:4)
  A big kobold (D:9)
  2 hippogriff skeletons
  6 killer bees (D:6)
  A quasit (D:7)
  A goliath beetle (D:9)
  A wight (D:8)
  Dowan (D:4)
  4 crimson imps
  A jelly (D:6)
  A giant frog skeleton (D:6)
  3 hounds
  3 orc wizards
  An orc priest (D:8)
  A scorpion (D:7)
  2 iguanas
  3 big fish (D:7)
  6 worker ants
  4 gnolls (D:5)
  9 adders
  A green rat (D:9)
  A worm zombie (D:6)
  2 giant mites (D:3)
  5 worms
  An adder skeleton (D:6)
  An adder zombie (D:5)
  8 giant geckos
  An ooze (D:4)
  16 orcs
  A ball python (D:2)
  5 giant cockroaches
  8 goblins
  9 hobgoblins
  8 jackals
  3 quokkas (D:9)
  14 bats
  5 giant newts
  A hobgoblin skeleton (D:4)
  14 kobolds
  A quokka skeleton (D:7)
  9 rats
189 creatures vanquished.

Vanquished Creatures (others)
  A two-headed ogre (D:8)
  An orc wizard (D:4)
  2 orcs (D:4)
  A kobold (D:4)
  A giant newt skeleton (D:4)
  A giant spore (D:8)
  11 ballistomycetes (D:8)
18 creatures vanquished.

Grand Total: 207 creatures vanquished

Notes
Turn   | Place    | Note
--------------------------------------------------------------
     0 | D:1      | M4edhros, the Octopode Venom Mage, began the quest for the Orb.
     0 | D:1      | Reached XP level 1. HP: 11/11 MP: 3/3
   444 | D:1      | Reached skill level 5 in Poison Magic
   471 | D:1      | Reached XP level 2. HP: 17/17 MP: 4/4
   891 | D:2      | Reached XP level 3. HP: 19/21 MP: 6/6
  1066 | D:2      | Found a glowing golden altar of the Shining One.
  1460 | D:3      | Found a glowing drain.
  1563 | D:4      | Found a bloodstained altar of Trog.
  1683 | D:4      | Reached XP level 4. HP: 11/27 MP: 7/9
  1968 | D:4      | Reached skill level 6 in Poison Magic
  2029 | D:4      | Learned a level 3 spell: Mephitic Cloud
  2086 | D:4      | Found a burning altar of Makhleb.
  2202 | D:4      | Noticed a slave
  2202 | D:4      | Noticed a slave
  2203 | D:4      | Noticed Pikel
  2205 | D:4      | Noticed a slave
  2208 | D:4      | Noticed a slave
  2212 | D:4      | Killed a slave
  2221 | D:4      | Killed Pikel
  2221 | D:4      | Reached skill level 7 in Poison Magic
  2221 | D:4      | Reached XP level 5. HP: 28/31 MP: 5/13
  2221 | D:4      | Reached XP level 6. HP: 32/36 MP: 5/15
  2221 | D:4      | Reached XP level 7. HP: 36/41 MP: 5/17
  2322 | D:4      | Noticed Dowan
  2324 | D:4      | Noticed Duvessa
  2336 | D:4      | Killed Duvessa
  2344 | D:4      | Killed Dowan
  2513 | D:5      | Entered Level 5 of the Dungeon
  3034 | D:5      | Reached skill level 8 in Poison Magic
  3395 | D:5      | Reached XP level 8. HP: 14/46 MP: 3/19
  3396 | D:5      | Found a sparkling altar of Nemelex Xobeh.
  3396 | D:5      | Found a shimmering altar of Xom.
  3866 | D:5      | Reached skill level 5 in Spellcasting
  3866 | D:5      | Reached skill level 9 in Poison Magic
  4361 | D:6      | Learned a level 5 spell: Venom Bolt
  4365 | D:6      | Learned a level 2 spell: Cure Poison
  4370 | D:6      | Learned a level 4 spell: Olgreb's Toxic Radiance
  4725 | D:6      | Reached XP level 9. HP: 23/51 MP: 21/21
  4830 | D:6      | Found a staircase to the Ecumenical Temple.
  4836 | Temple   | Entered the Ecumenical Temple
  4970 | Temple   | Became a worshipper of Zin the Law-Giver
  4970 | Temple   | Acquired Zin's first power
  5140 | D:6      | Reached skill level 10 in Poison Magic
  5631 | D:6      | Paralysed by a potion of paralysis for 6 turns
  5692 | D:6      | Reached skill level 5 in Conjurations
  6401 | D:3      | Gained mutation: Your spells are a little harder to cast, but a little more powerful. [potion of mutation]
  6401 | D:3      | Gained mutation: Your digestive system is specialised to digest meat. [potion of mutation]
  6884 | D:2      | Found a white marble altar of Elyvilon.
  6907 | D:2      | Found a blossoming altar of Fedhas.
  7290 | D:7      | Found a basalt altar of Yredelemnul.
  7307 | D:7      | Noticed Eustachio
  7427 | D:7      | Killed Eustachio
  7427 | D:7      | Reached skill level 1 in Invocations
  7601 | D:7      | Reached skill level 5 in Air Magic
  7963 | D:7      | Found a gateway to a ziggurat.
  7971 | D:7      | Reached skill level 11 in Poison Magic
  8073 | D:8      | Noticed miro's ghost (experienced DEWz)
  8117 | D:8      | Noticed a hill giant
  8117 | D:8      | Noticed a centaur warrior
  8120 | D:8      | Noticed a hill giant
  8550 | D:9      | Noticed Gastronok
  9432 | D:9      | Reached XP level 10. HP: 49/56 MP: 13/24
  9565 | D:9      | Found a snail-covered altar of Cheibriados.
  9735 | D:9      | HP: 1/56 [Gastronok/the air (23)]
  9744 | D:9      | Killed Gastronok
  9744 | D:9      | Reached skill level 5 in Invocations
 10006 | D:9      | Identified a scroll of acquirement
 10581 | D:8      | Reached skill level 1 in Shields
 10637 | D:8      | Slain by an orc wizard

Action                   |  1- 3 |  4- 6 |  7- 9 | 10-12 || total
-------------------------+-------+-------+-------+-------++-------
Melee: Unarmed           |     7 |       |       |       ||     7
       Dagger            |    43 |       |       |       ||    43
       Short sword       |    19 |    18 |   353 |    88 ||   478
       Spear             |       |       |    20 |       ||    20
 Cast: Sting             |     6 |     3 |    68 |    26 ||   103
       Mephitic Cloud    |       |     2 |    26 |     7 ||    35
       Cure Poison       |       |       |    10 |     3 ||    13
       Olgreb's Toxic Ra |       |       |     5 |     5 ||    10
Invok: Recite            |       |       |     2 |     3 ||     5
Evoke: Wand              |       |       |     1 |     2 ||     3
  Use: Potion            |       |     3 |     7 |     7 ||    17
       Scroll            |       |       |    17 |     5 ||    22
 Stab: Sleeping          |     3 |       |    11 |     1 ||    15
       Confused          |       |     2 |     7 |     1 ||    10
       Distracted        |       |       |     4 |       ||     4
